 Dungeon Crawl Stone Soup version 0.10.4 character file.

419 MordorOrchid the Firebug (level 5, -12/32 HPs)
             Began as an Octopode Fire Elementalist on June 29, 2020.
             Was a Follower of Ashenzari.
             Killed from afar by Ijyb (22 damage)
             ... with a wand of lightning
             ... on Level 4 of the Dungeon.
             The game lasted 00:21:27 (4383 turns).

MordorOrchid the Firebug (OpFE)                     Turns: 4383, Time: 00:21:27

HP -12/32        AC  1     Str  7      XL: 5   Next: 87%
MP   9/11        EV 13     Int 19      God: Ashenzari [*.....]
Gold 207         SH  0     Dex 12      Spells:  4 memorised,  1 level left

Res.Fire  : . . .   See Invis. : .   l - +0,+2 orc dagger (speed)
Res.Cold  : . . .   Warding    : . . (no shield)
Life Prot.: . . .   Conserve   : .   (helmet restricted)
Res.Acid. : . . .   Res.Corr.  : .   (no amulet)
Res.Poison: .       Clarity    : .   (no ring)
Res.Elec. : .       Spirit.Shd : .   (no ring)
Sust.Abil.: . .     Stasis     : .   (no ring)
Res.Mut.  : .       Ctrl.Telep.: .   (no ring)
Res.Rott. : .       Levitation : .   (no ring)
Saprovore : . . .   Ctrl.Flight: .   (no ring)
                                     (no ring)
                                     (no ring)

@: slightly resistant to hostile enchantments, quite stealthy
A: almost no armour, amphibious, constrict 8, camouflage 1, tentacles 3, AC +1
a: Renounce Religion


You were on level 4 of the Dungeon.
You worshipped Ashenzari.
Ashenzari was pleased with you.
You were not hungry.

You visited 1 branch of the dungeon, and saw 4 of its levels.
You visited 1 portal chamber: sewer.

You collected 187 gold pieces.

Inventory:

Hand weapons
 d - a +0,+0 elven short sword
 j - a +0,+1 sling
 l - a +0,+2 orcish dagger of speed (weapon)
Missiles
 a - 25 +0 bolts
 q - 3 +0 darts
 F - 4 poisoned +0 darts (quivered)
 G - 19 +0 arrows of frost
Magical devices
 D - a wand of random effects (10)
 J - a wand of draining (4)
Comestibles
 c - a bread ration
 v - 13 strawberries
 A - a chunk of bat flesh
 C - an apple
 E - a choko
 H - a meat ration
 K - a rotting chunk of adder flesh
Scrolls
 f - 2 scrolls of identify {unknown}
 g - a scroll of enchant armour {unknown}
 h - 3 scrolls of recharging {unknown}
 k - 2 scrolls of teleportation {unknown}
 n - a scroll of curse armour
 p - 3 scrolls of random uselessness {unknown}
 r - 2 scrolls of fear {unknown}
 s - a scroll of amnesia {unknown}
 u - a scroll of fog {unknown}
 y - a scroll of curse weapon
 B - 2 scrolls of blinking {unknown}
Potions
 e - a potion of mutation {unknown}
 i - 3 potions of agility {unknown}
 m - a potion of restore abilities {unknown}
 o - 2 potions of brilliance {unknown}
 t - 6 potions of curing {unknown}
 w - a potion of degeneration {unknown}
 x - a potion of berserk rage {unknown}
 z - 5 potions of levitation {unknown}
 I - a potion of heal wounds {unknown}
Books
 b - a book of Flames

   Spells                             Type                      Level
   *Flame Tongue                      Conjuration/Fire             1
   *Throw Flame                       Conjuration/Fire             2
   *Conjure Flame                     Conjuration/Fire             3
   *Inner Flame                       Hexes/Fire                   3
   Sticky Flame                       Conjuration/Fire             4
   Fireball                           Conjuration/Fire             5


   Skills:
 - Level 2.1 Fighting
 * Level 0.1 Short Blades
 * Level 2.9 Dodging
 - Level 3.0 Stealth
 * Level 3.4 Spellcasting
 * Level 3.4 Conjurations
 + Level 3.9 Fire Magic


You had one spell level left.
You knew the following spells:

 Your Spells              Type           Power        Failure   Level  Hunger
a - Flame Tongue          Fire/Conj      ####..       3%          1    None
b - Throw Flame           Fire/Conj      ####...      6%          2    Strawberry
c - Conjure Flame         Fire/Conj      ####.....    12%         3    Choko
d - Inner Flame           Fire/Hex       ###......    21%         3    Choko

Dungeon Overview and Level Annotations

Branches:
Dungeon (4/27)             Temple (0/1) D:4

Altars:
Ashenzari
Trog
Xom
Zin

Annotations
D:4 Ijyb


Innate Abilities, Weirdness & Mutations

You cannot wear most types of armour.
You can wear up to eight rings at the same time.
You are amphibious.
You can use your tentacles to constrict many enemies at once.
Your rubbery body absorbs attacks (AC +1).
Your skin changes colour to match your surroundings (Stlth).
You have a mass of large tentacles instead of arms.


Message History

Ijyb flickers and vanishes!
Deactivating autopickup; reactivate with Ctrl-A.
You feel that this wand is rather unreliable.
D - a wand of random effects {zapped: 1} You hear a zap.
The bolt of lightning misses you.
Found an uncursed robe.
There is a stone staircase leading up here.
Unknown command.
Evoke which item? (* to show all) (? for menu, Esc to quit)
Zapping:
J - a worn fluorescent wand
Press: ? - help, Shift-Dir - straight line, f - you
J - a wand of draining {zapped: 1} You hear a zap.
The bolt of lightning hits you!
Ouch! That really hurt!
You hear a zap.
The bolt of lightning hits you!
Ouch! That really hurt!
You die...

..[ ..... ... ... ...
##.## ... #.##...... ..#
#@##...... ... .####
#.##.....# ...
..(...#.##.....# #.#
.......#.##.....# #..
.......ยง........# #.#
.......#.##.....# #.# ##
......#.##.....###.####.
..... #.................
..... ###########...###.


There were no monsters in sight!

Vanquished Creatures
  The ghost of crawlian the Insei, a weakling DgTm (Port)
  A jelly (D:4)
  4 adders
  A giant mite (Port)
  4 worms
  4 oozes (Port)
  An orc (D:4)
  3 ball pythons
  11 bats
  6 giant cockroaches
  8 goblins
  5 hobgoblins
  13 jackals
  6 kobolds
  A quokka (D:3)
  A giant gecko (D:2)
  4 giant newts
  A hobgoblin skeleton (D:4)
  13 rats
  A butterfly (D:3)
89 creatures vanquished.

Vanquished Creatures (others)
  A giant newt (D:4)
  A kobold (D:1)
2 creatures vanquished.

Grand Total: 91 creatures vanquished

Notes
Turn   | Place    | Note
--------------------------------------------------------------
     0 | D:1      | MordorOrchid, the Octopode Fire Elementalist, began the quest for the Orb.
     0 | D:1      | Reached XP level 1. HP: 11/11 MP: 3/3
   240 | D:1      | Reached XP level 2. HP: 12/17 MP: 4/4
   244 | D:1      | Learned a level 2 spell: Throw Flame
  1416 | D:2      | Reached XP level 3. HP: 21/21 MP: 1/6
  1907 | D:2      | Reached skill level 1 in Fighting
  1921 | D:2      | Found a shattered altar of Ashenzari.
  1945 | D:2      | Became a worshipper of Ashenzari the Shackled
  2039 | D:2      | Learned a level 3 spell: Conjure Flame
  2063 | D:3      | Found a glowing drain. 2110
                  | sewer
                  | Entered the sewers 2134
                  | sewer
                  | Reached XP level 4. HP: 20/27 MP: 1/8 2251
                  | sewer
                  | Noticed crawlian's ghost (weakling DgTm) 2264
                  | sewer
                  | Killed crawlian's ghost 2648
                  | sewer
                  | Reached XP level 5. HP: 28/32 MP: 8/10 2935
                  | sewer
                  | Learned a level 3 spell: Inner Flame
  3101 | D:3      | Found a glowing silver altar of Zin.
  3324 | D:3      | Found a shimmering altar of Xom.
  3570 | D:3      | Found a bloodstained altar of Trog.
  3969 | D:4      | Found a staircase to the Ecumenical Temple.
  4378 | D:4      | Noticed Ijyb
  4383 | D:4      | Killed from afar by Ijyb
